 Dungeon Crawl Stone Soup version 0.18.1-6-gd335043 (webtiles) character file.

247 Kenran the Slasher (level 5, -4/38 HPs)
             Began as a Demonspawn Gladiator on May 16, 2016.
             Slain by an ogre
             ... wielding a +0 giant club
              (13 damage)
             ... on level 4 of the Dungeon.
             The game lasted 00:12:21 (4333 turns).

Kenran the Slasher (Demonspawn Gladiator)           Turns: 4333, Time: 00:12:22

Health: -4/38      AC: 14    Str: 16    XL:     5   Next: 85%
Magic:  5/5        EV:  5    Int:  9    God:
Gold:   141        SH:  0    Dex: 14    Spells: 0 memorised, 4 levels left

rFire  . . .     SeeInvis .     a - +0 long sword
rCold  . . .     Gourm    .     h - +0 plate armour
rNeg   . . .     Faith    .     (no shield)
rPois  .         Spirit   .     e - +0 helmet
rElec  .         Dismiss  .     (no cloak)
rCorr  .         Reflect  .     (no gloves)
SustAt .         Harm     .     (no boots)
MR     .....                    (no amulet)
Stlth  ..........               (no ring)
                                (no ring)

@: not resistant to hostile enchantments, extremely unstealthy
A: hooves 1, thin metallic scales 2, powered by pain 1
a: no special abilities


You were on level 4 of the Dungeon.
You were hungry.

You visited 1 branch of the dungeon, and saw 4 of its levels.

You collected 141 gold pieces.

Inventory:

Hand Weapons
 a - a +0 long sword (weapon)
Missiles
 d - 3 throwing nets (quivered)
Armour
 e - a +0 helmet (worn)
 h - a +0 plate armour (worn)
Wands
 t - a wand of disintegration (24/24)
Scrolls
 b - a scroll of amnesia {unknown}
 c - a scroll of enchant weapon {unknown}
 k - a scroll of noise
 l - 2 scrolls of fear
 o - 2 scrolls of remove curse
Potions
 j - a potion of degeneration {unknown}
 n - 2 potions of curing
 p - a potion of flight {unknown}
 q - a potion of mutation {unknown}
Comestibles
 f - 5 bread rations
 g - a meat ration


   Skills:
 - Level 2.0 Fighting
 + Level 6.1 Long Blades
 - Level 1.7 Throwing
 - Level 2.6 Dodging


You had 4 spell levels left.
You didn't know any spells.

Dungeon Overview and Level Annotations

Branches:
Dungeon (4/15)             Temple (0/1) D:4

Altars:
Elyvilon
Kikubaaqudgha
Pakellas
Qazlal
The Shining One


Innate Abilities, Weirdness & Mutations

You have large cloven feet.
You are mostly covered in thin metallic scales (AC +3).
You sometimes gain a little power by taking damage.


Message History

The gnoll is almost dead.
The ogre hits you with a giant club! The gnoll hits you but does no damage.
You closely miss the gnoll.
The gnoll is almost dead.
The gnoll hits you with a spear.
* * * LOW HITPOINT WARNING * * *
The ogre hits you but does no damage.
Drink which item? (? for menu, Esc to quit)
You feel better. The gnoll barely misses you.
The gnoll shouts!
You hit the gnoll.
You kill the gnoll!
The ogre hits you with a giant club!
* * * LOW HITPOINT WARNING * * *
A giant newt comes into view.
You see here a spear.
The gnoll hits you but does no damage.
There is a stone staircase leading up here.
The ogre hits you with a giant club!
You die...

#.# ###<#
######### #.# #.#
## #. #.# ##8##
#######.#######
8...8 #
.............##
..... #.
#######.####.#>
..... . ##.# #.#
..... .#. .... #.#
8...8
...##.#.########@#
##8##
...............O<#
####
......##.####g..#
#..#
..###........l.#.#
#..#
........######...#
#..# ..###.#.#
##[## #..# ##.#l#
#.# #..# ##....##
#.# ## #..#
#......######.####
#. #..##


You could see an ogre, a gnoll and a giant newt.

Vanquished Creatures
  An orc wizard (D:4)
  Terence (D:3)
  Natasha (twice) (D:3)
  A worker ant (D:3)
  A gnoll (D:4)
  4 adders
  3 dart slugs
  2 giant geckos (D:1)
  3 ball pythons
  4 giant cockroaches
  6 hobgoblins
  3 jackals (D:2)
  9 kobolds
  2 quokkas
  10 bats
  3 giant newts (D:1)
  7 goblins
  7 rats
69 creatures vanquished.

Notes
Turn   | Place    | Note
--------------------------------------------------------------
     0 | D:1      | Kenran the Demonspawn Gladiator began the quest for the Orb.
     0 | D:1      | Reached XP level 1. HP: 16/16 MP: 1/1
   135 | D:1      | Reached skill level 3 in Long Blades
   288 | D:1      | Gained mutation: You are partially covered in thin metallic scales (AC +2). [demonic ancestry]
   288 | D:1      | Reached XP level 2. HP: 20/22 MP: 2/2
   965 | D:2      | Gained mutation: You have large cloven feet. [demonic ancestry]
   965 | D:2      | Reached XP level 3. HP: 19/27 MP: 3/3
  1081 | D:1      | Reached skill level 4 in Long Blades
  1512 | D:2      | Found a white marble altar of Elyvilon.
  1657 | D:2      | Found a faded altar to an unknown god.
  2050 | D:3      | Gained mutation: You sometimes gain a little power by taking damage. [demonic ancestry]
  2050 | D:3      | Reached XP level 4. HP: 33/33 MP: 4/4
  2187 | D:3      | Found an ancient bone altar of Kikubaaqudgha.
  2426 | D:3      | Noticed Terence
  2464 | D:4      | Reached skill level 5 in Long Blades
  2484 | D:3      | Gained mutation: You are mostly covered in thin metallic scales (AC +3). [demonic ancestry]
  2484 | D:3      | Reached XP level 5. HP: 33/38 MP: 5/5
  2726 | D:3      | Killed Terence
  2976 | D:3      | Found a stormy altar of Qazlal.
  2976 | D:3      | Found a glowing golden altar of the Shining One.
  3075 | D:3      | Noticed Natasha
  3103 | D:3      | Killed Natasha
  3654 | D:3      | Noticed Natasha
  3659 | D:3      | Killed Natasha
  3659 | D:3      | Reached skill level 6 in Long Blades
  3807 | D:4      | Found an oddly glowing altar of Pakellas.
  3838 | D:4      | Found a staircase to the Ecumenical Temple.
  3856 | D:4      | Found an oddly glowing altar of Pakellas.
  4308 | D:4      | Noticed an ogre
  4333 | D:4      | Slain by an ogre

Skill      XL: |  1  2  3  4  5 |
---------------+----------------+-----
Long Blades    | 3 4 5 6 |  6.1
Fighting       | |  2.0
Throwing       | |  1.7
Dodging        | |  2.6

Action                   |  1- 3 |  4- 6 || total
-------------------------+-------+-------++-------
Melee: Long sword        |   120 |   123 ||   243
       Kick              |    13 |    27 ||    40
  Use: Potion            |       |     3 ||     3
       Scroll            |       |     7 ||     7
  Eat: Chunk             |     3 |     7 ||    10
Armor: Leather armour    |    10 |       ||    10
       Ring mail         |    42 |    37 ||    79
       Scale mail        |       |    51 ||    51
       Plate armour      |       |     5 ||     5
Dodge: Dodged            |    76 |    82 ||   158
